| TOP OF THE 1ST |
|
Kelowna Heat batting - Pitching for Madison Brewers : RHP Justin Hensley
|
|
Pitching: RHP Justin Hensley
|
|
|
Batting: RHB Ryan Roberts
|
0-0: Called Strike 0-1: Ball 1-1: Fly out, F8 (Flyball, 78M, EV 83.1 MPH)
|
|
Batting: RHB Tony Harper
|
0-0: Ball 1-0: Called Strike 1-1: Ball 2-1: Ball 3-1: SOLO HOME RUN (Flyball, 7D, EV 96.2 MPH), Distance : 352 ft
|
|
Batting: RHB Malik Sharpless
|
0-0: Fly out, F6 (Popup, 4MD, EV 65.0 MPH)
|
|
Batting: LHB Mike Roberts
|
0-0: Called Strike 0-1: Swinging Strike 0-2: Strikes out looking
|
| Top of the 1st over - 1 run, 1 hit, 0 errors, 0 left on base; Kelowna 1 - Madison 0 |
| BOTTOM OF THE 1ST |
|
Madison Brewers batting - Pitching for Kelowna Heat : RHP Carlos Solis
|
|
Pitching: RHP Carlos Solis
|
|
|
Batting: RHB Mohammed bin Ubaida
|
0-0: Ball 1-0: Called Strike 1-1: Called Strike 1-2: Strikes out swinging, 2-3 out at first.
|
|
Batting: LHB Tony Hasbun
|
0-0: Ball 1-0: Swinging Strike 1-1: Foul Ball, location: 2F 1-2: Strikes out swinging
|
|
Batting: LHB Dusty Bryant
|
0-0: Ball 1-0: Foul Ball, location: 2F 1-1: Foul Ball, location: 2F 1-2: Foul Ball, location: 2F 1-2: Foul Ball, location: 2F 1-2: Ball 2-2: Ground out 4-3 (Groundball, 34, EV 104.4 MPH)
|
| Bottom of the 1st over - 0 runs, 0 hits, 0 errors, 0 left on base; Kelowna 1 - Madison 0 |
| TOP OF THE 2ND |
|
Kelowna Heat batting - Pitching for Madison Brewers : RHP Justin Hensley
|
|
Batting: RHB Zach Maguire
|
0-0: Ball 1-0: Called Strike 1-1: Swinging Strike 1-2: Foul Ball, location: 2F 1-2: Fly out, F7 (Flyball, 78S, EV 89.4 MPH)
|
|
Batting: RHB Jaime Rios
|
0-0: Swinging Strike 0-1: Ball 1-1: Called Strike 1-2: Strikes out swinging
|
|
Batting: RHB Vinny Torres
|
0-0: Foul Ball, location: 2F 0-1: Ball 1-1: Ball 2-1: Ball 3-1: Foul Ball, location: 2F 3-2: Foul Ball, location: 2F 3-2: Base on Balls
|
|
Batting: RHB Armando Ramirez
|
0-0: Ball 1-0: Ball 2-0: Ball 3-0: Base on Balls Vinny Torres to second
|
|
Batting: RHB Ricky Aguilar
|
0-0: Called Strike 0-1: Swinging Strike 0-2: Ball 1-2: Ball 2-2: DOUBLE (Flyball, 89D, EV 93.1 MPH) Vinny Torres scores Armando Ramirez to third Runner from 3rd tries for Home, SAFE, throw by RF to trailing runner, SAFE at third!
|
|
Batting: RHB Ryan Roberts
|
0-0: Ball 1-0: Ground out U3 (Groundball, 34, EV 87.5 MPH)
|
| Top of the 2nd over - 2 runs, 1 hit, 0 errors, 1 left on base; Kelowna 3 - Madison 0 |
| BOTTOM OF THE 2ND |
|
Madison Brewers batting - Pitching for Kelowna Heat : RHP Carlos Solis
|
|
Batting: RHB Steve Errico
|
0-0: Called Strike 0-1: Foul Ball, location: 2F 0-2: Ball 1-2: Foul Ball, location: 2F 1-2: Strikes out looking
|
|
Batting: RHB Tony Beaumond
|
0-0: Ball 1-0: Called Strike 1-1: Called Strike 1-2: Foul Ball, location: 2F 1-2: Strikes out swinging
|
|
Batting: LHB Jesus Huante
|
0-0: Ball 1-0: Ground out 6-3 (Groundball, 6M, EV 105.0 MPH)
|
| Bottom of the 2nd over - 0 runs, 0 hits, 0 errors, 0 left on base; Kelowna 3 - Madison 0 |
| TOP OF THE 3RD |
|
Kelowna Heat batting - Pitching for Madison Brewers : RHP Justin Hensley
|
|
Batting: RHB Tony Harper
|
0-0: Foul Ball, location: 2F 0-1: Ball 1-1: Ball 2-1: Ball 3-1: DOUBLE (Line Drive, 78D, EV 108.8 MPH)
|
|
Batting: RHB Malik Sharpless
|
0-0: Called Strike 0-1: DOUBLE (Flyball, 8LXD, EV 110.6 MPH) Tony Harper scores
|
|
Batting: LHB Mike Roberts
|
0-0: Ground out U3 (Groundball, 3, EV 84.4 MPH) Malik Sharpless to third
|
|
Batting: RHB Zach Maguire
|
0-0: Called Strike 0-1: Ball 1-1: Fly out, F7 (Line Drive, 78D, EV 100.0 MPH) Runner from 3rd tags up, SCORES, no throw by LF
|
|
Batting: RHB Jaime Rios
|
0-0: Called Strike 0-1: Ball 1-1: Ball 2-1: Ball 3-1: Base on Balls
|
|
Batting: RHB Vinny Torres
|
0-0: Ball 1-0: Fly out, F9 (Flyball, 9LS, EV 92.5 MPH)
|
| Top of the 3rd over - 2 runs, 2 hits, 0 errors, 1 left on base; Kelowna 5 - Madison 0 |
| BOTTOM OF THE 3RD |
|
Madison Brewers batting - Pitching for Kelowna Heat : RHP Carlos Solis
|
|
Batting: LHB Alex Chairez
|
0-0: Ball 1-0: Ball 2-0: Reached on error, E3 (Groundball, 34S, EV 83.8 MPH)
|
|
Batting: RHB Manny Olave
|
0-0: Ball 1-0: Ground out 5-3 (Groundball, 5S, EV 65.0 MPH) Alex Chairez to second
|
|
Batting: RHB Malcolm McCauley
|
0-0: Called Strike Alex Chairez steals 3rd base 0-1: Ball 1-1: Foul Ball, location: 2F 1-2: Ball 2-2: Ball 3-2: Foul Ball, location: 2F 3-2: Foul Ball, location: 2F 3-2: Foul Ball, location: 2F 3-2: Strikes out swinging
|
|
Batting: RHB Mohammed bin Ubaida
|
0-0: Foul Ball, location: 2F 0-1: Swinging Strike 0-2: Ball 1-2: Foul Ball, location: 2F 1-2: Ground out 5-3 (Groundball, 56S, EV 67.5 MPH)
|
| Bottom of the 3rd over - 0 runs, 0 hits, 1 error, 1 left on base; Kelowna 5 - Madison 0 |
| TOP OF THE 4TH |
|
Kelowna Heat batting - Pitching for Madison Brewers : RHP Justin Hensley
|
|
Batting: RHB Armando Ramirez
|
0-0: Called Strike 0-1: Ball 1-1: Ball 2-1: Ball 3-1: Base on Balls
|
|
Pitching: RHP Mario Lopez
|
|
|
Batting: RHB Ricky Aguilar
|
0-0: Ball 1-0: Swinging Strike 1-1: Called Strike 1-2: Strikes out swinging
|
|
Batting: RHB Ryan Roberts
|
0-0: Ball 1-0: Ball 2-0: Fielders Choice at 2nd, 5-4 (Groundball, 56, EV 83.1 MPH)
|
|
Batting: RHB Tony Harper
|
0-0: Called Strike 0-1: DOUBLE (Groundball, 5L, EV 101.9 MPH) Ryan Roberts to third Runner from 3rd tries for Home, SAFE, throw by LF to home
|
|
Batting: RHB Malik Sharpless
|
0-0: Ball 1-0: Fly out, F9 (Line Drive, 9S, EV 94.4 MPH)
|
| Top of the 4th over - 1 run, 1 hit, 0 errors, 1 left on base; Kelowna 6 - Madison 0 |
| BOTTOM OF THE 4TH |
|
Madison Brewers batting - Pitching for Kelowna Heat : RHP Carlos Solis
|
|
Batting: LHB Tony Hasbun
|
0-0: Called Strike 0-1: Ball 1-1: Foul Ball, location: 2F 1-2: Ball 2-2: Strikes out swinging
|
|
Batting: LHB Dusty Bryant
|
0-0: Foul Ball, location: 2F 0-1: Ball 1-1: Called Strike 1-2: Foul Ball, location: 2F 1-2: Ball 2-2: Strikes out swinging
|
|
Batting: RHB Steve Errico
|
0-0: Ball 1-0: Foul Ball, location: 2F 1-1: Called Strike 1-2: Ball 2-2: Fly out, F7 (Flyball, 7, EV 80.6 MPH)
|
| Bottom of the 4th over - 0 runs, 0 hits, 0 errors, 0 left on base; Kelowna 6 - Madison 0 |
| TOP OF THE 5TH |
|
Kelowna Heat batting - Pitching for Madison Brewers : RHP Mario Lopez
|
|
Batting: LHB Mike Roberts
|
0-0: Fly out, F8 (Flyball, 78M, EV 72.5 MPH)
|
|
Batting: RHB Zach Maguire
|
0-0: Called Strike 0-1: Fly out, F3 (Popup, 3SF, EV 78.8 MPH)
|
|
Batting: RHB Jaime Rios
|
0-0: Ball 1-0: Foul Ball, location: 2F 1-1: Called Strike 1-2: Ball 2-2: SOLO HOME RUN (Flyball, 7D, EV 93.8 MPH), Distance : 357 ft
|
|
Batting: RHB Vinny Torres
|
0-0: Ball 1-0: Foul Ball, location: 2F 1-1: Ball 2-1: Ball 3-1: Foul Ball, location: 2F 3-2: Foul Ball, location: 2F 3-2: Base on Balls
|
|
Batting: RHB Armando Ramirez
|
0-0: Fly out, F9 (Flyball, 9, EV 81.9 MPH)
|
| Top of the 5th over - 1 run, 1 hit, 0 errors, 1 left on base; Kelowna 7 - Madison 0 |
| BOTTOM OF THE 5TH |
|
Madison Brewers batting - Pitching for Kelowna Heat : RHP Carlos Solis
|
|
Batting: RHB Tony Beaumond
|
0-0: Ball 1-0: Ball 2-0: Ball 3-0: Base on Balls
|
|
Batting: LHB Jesus Huante
|
0-0: Ball Tony Beaumond steals 2nd base 1-0: DOUBLE (Line Drive, 78D, EV 106.2 MPH) Tony Beaumond scores
|
|
Batting: LHB Alex Chairez
|
0-0: Ball 1-0: Called Strike 1-1: Ball 2-1: SINGLE (Groundball, 34D, EV 109.4 MPH) Jesus Huante to third Runner from 3rd tries for Home, throw by RF and OUT! 9-2
|
|
Batting: RHB Manny Olave
|
0-0: Ball Wild Pitch! Alex Chairez to second 1-0: Called Strike 1-1: Foul Ball, location: 2F 1-2: Strikes out looking
|
|
Pitching: LHP Ricky Coats
|
|
|
Batting: RHB Malcolm McCauley
|
0-0: Foul Ball, location: 2F 0-1: Ball 1-1: Swinging Strike 1-2: Strikes out looking
|
| Bottom of the 5th over - 1 run, 2 hits, 0 errors, 1 left on base; Kelowna 7 - Madison 1 |
| TOP OF THE 6TH |
|
Kelowna Heat batting - Pitching for Madison Brewers : RHP Mario Lopez
|
|
Batting: RHB Ricky Aguilar
|
0-0: Foul Ball, location: 2F 0-1: DOUBLE (Line Drive, 78D, EV 102.5 MPH)
|
|
Batting: RHB Ryan Roberts
|
0-0: Ball 1-0: Ball 2-0: Ball 3-0: Foul Ball, location: 2F 3-1: Base on Balls
|
|
Batting: RHB Tony Harper
|
0-0: Called Strike 0-1: SINGLE (Groundball, 6MD, EV 95.0 MPH) Ricky Aguilar to third Ryan Roberts to second
|
|
Batting: RHB Malik Sharpless
|
0-0: Ball 1-0: Foul Ball, location: 2F 1-1: Ball 2-1: Ball 3-1: Foul Ball, location: 2F 3-2: Foul Ball, location: 2F 3-2: Foul Ball, location: 2F 3-2: SINGLE (Line Drive, 89M, EV 91.9 MPH) Ricky Aguilar scores Ryan Roberts to third Tony Harper to second
|
|
Batting: LHB Mike Roberts
|
0-0: Ball 1-0: DOUBLE (Line Drive, 78M, EV 98.8 MPH) Ryan Roberts scores Tony Harper scores Malik Sharpless to third
|
|
Batting: RHB Zach Maguire
|
0-0: Ball 1-0: Ball 2-0: DOUBLE (Line Drive, 7LS, EV 103.1 MPH) Malik Sharpless scores Mike Roberts scores
|
|
Pitching: RHP Troy Morin
|
|
|
Batting: RHB Jaime Rios
|
0-0: Called Strike 0-1: Ball 1-1: Called Strike 1-2: Strikes out swinging
|
|
Batting: RHB Vinny Torres
|
0-0: Foul Ball, location: 2F 0-1: Ball 1-1: Called Strike 1-2: Ball 2-2: Foul Ball, location: 2F 2-2: Ball 3-2: Ground out 5-3 (Groundball, 56, EV 106.2 MPH)
|
|
Batting: RHB Armando Ramirez
|
0-0: Foul Ball, location: 2F 0-1: Ground out 4-3 (Groundball, 4, EV 101.2 MPH)
|
| Top of the 6th over - 5 runs, 5 hits, 0 errors, 1 left on base; Kelowna 12 - Madison 1 |
| BOTTOM OF THE 6TH |
|
Madison Brewers batting - Pitching for Kelowna Heat : LHP Ricky Coats
|
|
Batting: RHB Mohammed bin Ubaida
|
0-0: Called Strike 0-1: Ball 1-1: Fly out, F9 (Flyball, 89S, EV 75.6 MPH)
|
|
Pinch Hitting: LHB John Fortin
|
0-0: Foul Ball, location: 2F 0-1: Called Strike 0-2: Ball 1-2: Ball 2-2: Ball 3-2: Foul Ball, location: 2F 3-2: Foul Ball, location: 2F 3-2: Base on Balls
|
|
Batting: LHB Dusty Bryant
|
0-0: Ball 1-0: Called Strike John Fortin steals 2nd, throwing error, E2 John Fortin to third 1-1: Foul Ball, location: 2F 1-2: SINGLE (Line Drive, 3D, EV 106.9 MPH) John Fortin scores
|
|
Batting: RHB Steve Errico
|
0-0: Ball 1-0: Ball 2-0: Foul Ball, location: 2F 2-1: Swinging Strike 2-2: Ball 3-2: Grounds into double play, 1-4-3 (Groundball, 15S, EV 64.4 MPH)
|
| Bottom of the 6th over - 1 run, 1 hit, 1 error, 0 left on base; Kelowna 12 - Madison 2 |
| TOP OF THE 7TH |
|
Kelowna Heat batting - Pitching for Madison Brewers : RHP Troy Morin
|
|
Now at 2B: Lorenzo Diaz
|
|
|
Batting: RHB Ricky Aguilar
|
0-0: SINGLE (Groundball, 5D, EV 110.0 MPH)
|
|
Batting: RHB Ryan Roberts
|
0-0: Ball 1-0: Ball 2-0: Ball 3-0: Called Strike 3-1: SINGLE (Flyball, 8RS, EV 85.0 MPH) Ricky Aguilar to second
|
|
Batting: RHB Tony Harper
|
0-0: Ball 1-0: Ball 2-0: Called Strike 2-1: DOUBLE (Flyball, 8LXD, EV 98.1 MPH) Ricky Aguilar scores Ryan Roberts to third
|
|
Batting: RHB Malik Sharpless
|
0-0: Ball Balk! Ryan Roberts scores Tony Harper to third 1-0: Hit by Pitch
|
|
Batting: LHB Mike Roberts
|
0-0: Called Strike 0-1: Foul Ball, location: 2F 0-2: Ball 1-2: Strikes out swinging
|
|
Batting: RHB Zach Maguire
|
0-0: Ball 1-0: Called Strike 1-1: 3-RUN HOME RUN (Flyball, 89XD, EV 101.9 MPH), Distance : 430 ft
|
|
Pitching: RHP Austin Sweetman
|
|
|
Batting: RHB Jaime Rios
|
0-0: Ball 1-0: Ball 2-0: Called Strike 2-1: Called Strike 2-2: Foul Ball, location: 2F 2-2: Strikes out looking
|
|
Batting: RHB Vinny Torres
|
0-0: Foul Ball, location: 2F 0-1: Ball 1-1: Called Strike 1-2: Fly out, F4 (Line Drive, 4, EV 73.8 MPH)
|
| Top of the 7th over - 5 runs, 4 hits, 0 errors, 0 left on base; Kelowna 17 - Madison 2 |
| BOTTOM OF THE 7TH |
|
Madison Brewers batting - Pitching for Kelowna Heat : LHP Ricky Coats
|
|
Batting: RHB Tony Beaumond
|
0-0: Ball 1-0: Called Strike 1-1: Ball 2-1: Ball 3-1: Foul Ball, location: 2F 3-2: Base on Balls
|
|
Batting: LHB Jesus Huante
|
0-0: Called Strike Tony Beaumond steals 2nd base (no throw) 0-1: Foul Ball, location: 2F 0-2: Ball 1-2: Ball 2-2: Fly out, F8 (Flyball, 8RM, EV 93.8 MPH)
|
|
Batting: LHB Alex Chairez
|
0-0: Ball 1-0: Swinging Strike 1-1: Foul Ball, location: 2F 1-2: Foul Ball, location: 2F 1-2: 2-RUN HOME RUN (Flyball, 9D, EV 98.1 MPH), Distance : 389 ft
|
|
Batting: RHB Manny Olave
|
0-0: Called Strike 0-1: Ball 1-1: Foul Ball, location: 2F 1-2: Strikes out swinging
|
|
Batting: RHB Malcolm McCauley
|
0-0: Called Strike 0-1: Foul Ball, location: 2F 0-2: Strikes out swinging
|
| Bottom of the 7th over - 2 runs, 1 hit, 0 errors, 0 left on base; Kelowna 17 - Madison 4 |
| TOP OF THE 8TH |
|
Kelowna Heat batting - Pitching for Madison Brewers : RHP Austin Sweetman
|
|
Batting: RHB Armando Ramirez
|
0-0: Called Strike 0-1: Ball 1-1: Ball 2-1: Fly out, F7 (Flyball, 7LS, EV 85.6 MPH)
|
|
Batting: RHB Ricky Aguilar
|
0-0: Swinging Strike 0-1: Swinging Strike 0-2: Strikes out looking
|
|
Batting: RHB Ryan Roberts
|
0-0: Fly out, F8 (Line Drive, 8RM, EV 90.0 MPH)
|
| Top of the 8th over - 0 runs, 0 hits, 0 errors, 0 left on base; Kelowna 17 - Madison 4 |
| BOTTOM OF THE 8TH |
|
Madison Brewers batting - Pitching for Kelowna Heat : LHP Ricky Coats
|
|
Pitching: RHP Wally Dethridge
|
|
|
Batting: RHB Mohammed bin Ubaida
|
0-0: Ball 1-0: Called Strike 1-1: Swinging Strike 1-2: Ball 2-2: Foul Ball, location: 2F 2-2: Ball 3-2: Reached on error, E6 (Groundball, 6, EV 83.8 MPH)
|
|
Pinch Hitting: LHB Steven Donovan
|
0-0: Fly out, F8 (Line Drive, 8LM, EV 98.8 MPH)
|
|
Batting: LHB Dusty Bryant
|
0-0: Ball 1-0: Swinging Strike Passed Ball! Mohammed bin Ubaida to third 1-1: Foul Ball, location: 2F 1-2: Ball Passed Ball! Mohammed bin Ubaida scores 2-2: Ball 3-2: Foul Ball, location: 2F 3-2: Strikes out swinging
|
|
Batting: RHB Steve Errico
|
0-0: Ball 1-0: Swinging Strike 1-1: Foul Ball, location: 2F 1-2: Ball 2-2: Fly out, F9 (Flyball, 9S, EV 88.1 MPH)
|
| Bottom of the 8th over - 1 run, 0 hits, 1 error, 0 left on base; Kelowna 17 - Madison 5 |
| TOP OF THE 9TH |
|
Kelowna Heat batting - Pitching for Madison Brewers : RHP Austin Sweetman
|
|
Now at 2B: Wiliama Dana
|
|
|
Batting: RHB Tony Harper
|
0-0: Ball 1-0: Ball 2-0: Called Strike 2-1: Ball 3-1: Swinging Strike 3-2: Strikes out looking
|
|
Pinch Hitting: RHB Tsugio Yamaguchi
|
0-0: Ball 1-0: Ball 2-0: SINGLE (Groundball, 23, EV 67.5 MPH) (infield hit)
|
|
Batting: LHB Mike Roberts
|
0-0: Ball 1-0: Ball 2-0: Called Strike 2-1: Foul Ball, location: 2F 2-2: Foul Ball, location: 2F 2-2: Ball 3-2: Fly out, F7 (Line Drive, 7, EV 91.9 MPH)
|
|
Batting: RHB Zach Maguire
|
0-0: Foul Ball, location: 2F 0-1: Foul Ball, location: 2F 0-2: Ball 1-2: Strikes out swinging
|
| Top of the 9th over - 0 runs, 1 hit, 0 errors, 1 left on base; Kelowna 17 - Madison 5 |
| BOTTOM OF THE 9TH |
|
Madison Brewers batting - Pitching for Kelowna Heat : RHP Wally Dethridge
|
|
Now at 2B: Tsugio Yamaguchi
|
|
|
Batting: RHB Tony Beaumond
|
0-0: Ball 1-0: Called Strike 1-1: SINGLE (Groundball, 2L, EV 72.5 MPH) (infield hit)
|
|
Batting: LHB Jesus Huante
|
0-0: Called Strike 0-1: Foul Ball, location: 2F 0-2: Strikes out looking
|
|
Batting: LHB Alex Chairez
|
0-0: Ball Passed Ball! Tony Beaumond to second 1-0: Called Strike 1-1: Ball 2-1: Foul Ball, location: 2F 2-2: Strikes out swinging
|
|
Batting: RHB Manny Olave
|
0-0: Foul Ball, location: 2F 0-1: Ball 1-1: DOUBLE (Line Drive, 7LM, EV 103.8 MPH) Tony Beaumond scores
|
|
Pinch Hitting: RHB Yang-cheng Kui
|
0-0: Ball 1-0: Called Strike 1-1: Foul Ball, location: 2F 1-2: Ball 2-2: Ground out 4-3 (Groundball, 4, EV 77.5 MPH)
|
| Bottom of the 9th over - 1 run, 2 hits, 0 errors, 1 left on base; Kelowna 17 - Madison 6 |
|